 Dungeon Crawl Stone Soup version 0.23.2-33-g5129a83184 (webtiles) character file.

Game seed: 10263868435832397287

11686 DorianNounverber the Eclecticist (level 11, 0/60 HPs)
             Began as a Deep Elf Wizard on July 7, 2019.
             Was an Elder of Sif Muna.
             Slain by an acid dragon (5 damage)
             ... on level 12 of the Dungeon on July 8, 2019.
             The game lasted 01:58:21 (22692 turns).

DorianNounverber the Eclecticist (Deep Elf Wizard) Turns: 22692, Time: 01:58:23

Health: 0/60       AC: 12    Str:  4    XL:     11   Next: 52%
Magic:  15/33      EV: 15    Int: 27    God:    Sif Muna [****..]
Gold:   685        SH:  0    Dex: 13    Spells: 25/42 levels left

rFire    + . .     SeeInvis .   P - +0 quarterstaff
rCold    . . .     Gourm    .   (shield currently unavailable)
rNeg     . . .     Faith    .   y - +2 robe {rF+}
rPois    .         Spirit   .   S - +2 hat {MR+}
rElec    .         Reflect  .   x - +0 cloak
rCorr    .         Harm     .   H - +1 pair of gloves
MR       ++...                  j - +1 pair of boots
Stlth    ++........             I - amulet of magic regeneration
HPRegen  0.20/turn              w - +2 ring of protection
MPRegen  0.48/turn              F - +3 ring of protection

@: corroded
A: no striking features
a: Divine Energy, Channel Magic, Forget Spell, Renounce Religion


You were on level 12 of the Dungeon.
You worshipped Sif Muna.
Sif Muna was greatly pleased with you.
You were not hungry.

You visited 2 branches of the dungeon, and saw 14 of its levels.

You collected 907 gold pieces.
You spent 222 gold pieces at shops.

Inventory:

Hand Weapons
 b - a +0 fustibalus
 A - a +0 quarterstaff
 P - a +0 quarterstaff (weapon)
Missiles
 e - 19 tomahawks (quivered)
 L - 5 throwing nets
 M - 3 tomahawks of returning
Armour
 g - a cursed -2 buckler
 j - a +1 pair of boots (worn)
 x - a +0 cloak (worn)
 y - a +2 robe of fire resistance (worn)
 H - a +1 pair of gloves (worn)
 S - a +2 hat of magic resistance (worn)
Jewellery
 l - an uncursed ring of protection from fire
 n - an uncursed ring of positive energy
 w - a +2 ring of protection (left hand)
 C - an uncursed ring of poison resistance
 F - a +3 ring of protection (right hand)
 G - an uncursed ring of see invisible
 I - an amulet of magic regeneration (around neck)
 Q - an uncursed ring of stealth
 X - an uncursed ring of protection from cold
Wands
 m - a wand of acid (9)
 r - a wand of polymorph (5)
 J - a wand of paralysis (19)
 N - a wand of flame (14)
 T - a wand of iceblast (8)
Scrolls
 a - 2 scrolls of blinking
 k - 3 scrolls of fog
 p - 5 scrolls of fear
 q - 4 scrolls of teleportation
 s - 2 scrolls of immolation
 v - 5 scrolls of remove curse
 K - 3 scrolls of enchant weapon
 O - a scroll of enchant armour
 U - a scroll of vulnerability
 V - a scroll of magic mapping
 Y - a scroll of acquirement {unknown}
Potions
 c - 5 potions of lignification
 f - 2 potions of flight
 h - 3 potions of haste
 i - a potion of curing
 o - a potion of brilliance {unknown}
 t - 2 potions of agility
 u - 2 potions of might
 z - a potion of cancellation {unknown}
 B - a potion of berserk rage {unknown}
 R - 2 potions of heal wounds {unknown}
 W - a potion of magic {unknown}
Comestibles
 d - 8 rations


   Skills:
 * Level 3.7 Fighting
 * Level 4.1 Staves
 * Level 5.4 Dodging
 + Level 3.7 Stealth
 * Level 16.2 Spellcasting
 * Level 7.8 Conjurations
 + Level 8.2 Summonings
 + Level 1.4 Translocations
 + Level 2.3 Fire Magic
 + Level 0.3 Evocations


You had 25 spell levels left.
You knew the following spells:

 Your Spells              Type           Power        Failure   Level  Hunger
a - Magic Dart            Conj           ####         1%          1    None
b - Blink                 Tloc           N/A          1%          2    None
c - Call Imp              Summ           ######..     1%          2    None
d - Conjure Flame         Conj/Fire      #####...     1%          3    None
e - Mephitic Cloud        Conj/Pois/Air  #####...     2%          3    None
f - Inner Flame           Hex/Fire       ####....     4%          3    None
g - Regeneration          Chrm/Necr      ###.......   7%          3    None

Your spell library contained the following spells:

 Spells                   Type           Power        Failure   Level  Hunger
 Shock                    Conj/Air       ####         1%          1    None
 Static Discharge         Conj/Air       #####...     1%          3    None
 Animate Skeleton         Necr           N/A          2%          1    None
 Corona                   Hex            ###....      2%          1    None
 Pain                     Necr           ###.         2%          1    None
 Slow                     Hex            ###.....     3%          2    None
 Swiftness                Chrm/Air       ###.....     3%          2    None
 Portal Projectile        Hex/Tloc       ####..       4%          3    None
 Vampiric Draining        Necr           ###.......   7%          3    None
 Lightning Bolt           Conj/Air       #####.....   13%         5    None
 Airstrike                Air            ###.......   22%         4    None
 Animate Dead             Necr           N/A          22%         4    None
 Cause Fear               Hex            ###.......   22%         4    None
 Leda's Liquefaction      Hex/Erth       ###.......   22%         4    None
 Silence                  Hex/Air        ###.......   54%         5    None
 Yara's Violent Unravell  Hex/Tmut       ###.......   54%         5    None
 Deflect Missiles         Chrm/Air       ###.......   98%         6    ###....
 Discord                  Hex            ###.......   100%        8    ######.


Dungeon Overview and Level Annotations

Branches:
Dungeon (13/15)            Temple (1/1) D:5            Lair (0/6) D:8
    Orc (0/2) D:11
 Vaults: D:13-14

Altars:
Ashenzari
Cheibriados
Dithmenos
Elyvilon
Fedhas
Gozag
Hepliaklqana
Kikubaaqudgha
Makhleb
Nemelex Xobeh
Okawaru
Qazlal
Ru
Sif Muna
Trog
Uskayaw
Vehumet
Wu Jian
Xom
Yredelemnul
Zin
The Shining One

Shops:
D:4 [

Annotations:
D:12 Maurice


Message History

The acid dragon spits acid at you. The splash of acid hits you!
The acid corrodes you!
You are splashed with acid!
Found a scale mail.
Casting: Call Imp (safe; 1% risk of failure)
Confirm with . or Enter, or press ? or * to list all spells.
Aiming: Conjure Flame (safe; 1% risk of failure)
Press: ? - help, Dir - move target cursor The fire ignites!
Maurice the Thief comes into view.
He is wielding a +0 short sword and carrying a wand of enslavement (7).
The acid dragon spits acid at you. The splash of acid misses you.
Maurice zaps a wand.
You resist with almost no effort.
Casting: Conjure Flame (safe; 1% risk of failure)
Confirm with . or Enter, or press ? or * to list all spells.
You blink.
You are engulfed in blazing flames.
You resist.
* * * LOW HITPOINT WARNING * * *
The acid dragon bites you!
* * * LOW HITPOINT WARNING * * *
The acid dragon claws you.
You die...

#. #. ##.
#.. ## ..
#.[#.
#....####
#D@..#
####ยง#
#...@.#
##.##.# #
###


You could see an acid dragon.

Vanquished Creatures
  Gastronok (D:8)
  Harold (D:8)
  A two-headed ogre (D:9)
  A skeletal warrior (D:10)
  An unseen horror (D:7)
  An ugly thing (D:12)
  A cyclops (D:13)
  Grinder (D:4)
  A hippogriff (D:9)
  Grum (D:8)
  3 hogs (D:8)
  2 acid dragons (D:11)
  5 orc warriors
  A sky beast (D:11)
  2 ice beasts
  2 black bears
  An ogre (D:11)
  A necrophage (D:11)
  2 phantoms
  4 wolves (D:8)
  4 centaurs
  A crocodile (D:7)
  2 big kobolds (D:8)
  4 bullfrogs
  2 scorpions
  A water moccasin skeleton (D:4)
  5 killer bees (D:10)
  7 wights
  4 crimson imps
  A bullfrog zombie (D:11)
  2 centaur zombies
  3 hounds
  A jelly (D:10)
  A gnoll shaman (D:6)
  6 orc priests
  2 centaur skeletons (D:11)
  12 orc wizards
  An iguana (D:7)
  6 worker ants
  A killer bee zombie (D:10)
  3 gnolls (D:6)
  10 adders
  A river rat (D:3)
  4 shadow imps
  An ooze (D:1)
  An adder skeleton (D:4)
  A worm (D:3)
  A leopard gecko (D:7)
  29 orcs
  5 ball pythons
  6 giant cockroaches
  9 goblins
  14 hobgoblins
  5 jackals
  26 kobolds
  3 quokkas
  5 bats
  2 frilled lizards (D:4)
  A leopard gecko skeleton (D:8)
  2 quokka skeletons
  7 rats
  A plant (D:6)
236 creatures vanquished.

Vanquished Creatures (collateral kills)
  Pikel (D:5)
  Joseph (D:7)
  Sigmund (D:6)
  Eustachio (D:5)
  A human (D:8)
  A yak (D:8)
  Edmund (D:4)
  An orc warrior (D:5)
  A black bear (D:6)
  A swamp drake (D:11)
  An eye of draining (D:7)
  6 ogres
  3 centaurs
  Blork the orc (D:4)
  A gnoll sergeant (D:6)
  A scorpion (D:4)
  A wight (D:8)
  A howler monkey (D:4)
  2 centaur zombies
  4 hounds
  An orc priest (D:5)
  2 jellies
  4 orc wizards
  2 iguanas (D:4)
  Terence (D:2)
  Natasha (D:4)
  A worker ant (D:4)
  Robin (D:3)
  5 gnolls
  An adder (D:8)
  A shadow imp (D:13)
  6 orcs
  A goblin (D:3)
  4 hobgoblins
  5 jackals (D:6)
  2 kobolds (D:6)
  A quokka (D:3)
70 creatures vanquished.

Vanquished Creatures (others)
  A centaur (D:6)
  A gnoll sergeant (D:6)
  A worker ant (D:6)
  A hobgoblin (D:6)
  A plant (D:6)
5 creatures vanquished.

Grand Total: 311 creatures vanquished

Notes
Turn   | Place    | Note
-------+----------+-------------------------------------------
     0 | D:1      | DorianNounverber the Deep Elf Wizard began the quest for
                  | the Orb.
     0 | D:1      | Reached XP level 1. HP: 10/10 MP: 7/7
   210 | D:1      | Reached XP level 2. HP: 15/15 MP: 4/9
   232 | D:1      | Reached skill level 5 in Spellcasting
   295 | D:1      | Learned a level 2 spell: Blink
   298 | D:1      | Learned a level 2 spell: Call Imp
  1182 | D:1      | Reached XP level 3. HP: 19/19 MP: 10/12
  1578 | D:1      | Reached skill level 6 in Spellcasting
  1578 | D:1      | Reached XP level 4. HP: 12/24 MP: 5/14
  2408 | D:3      | Noticed Terence
  2773 | D:2      | Killed Terence
  2988 | D:3      | Found a glowing drain.
  3005 | D:3      | Reached skill level 7 in Spellcasting
  3448 | D:3      | Reached XP level 5. HP: 28/28 MP: 14/16
  3461 | D:3      | Noticed Robin
  3758 | D:3      | Killed Robin
  4728 | D:4      | Learned a level 3 spell: Conjure Flame
  4732 | D:4      | Learned a level 3 spell: Mephitic Cloud
  4743 | D:4      | Noticed Natasha
  4773 | D:4      | Killed Natasha
  4834 | D:4      | Found Nagivaok's Armour Boutique.
  4978 | D:4      | Bought a +0 cloak for 45 gold pieces
  4978 | D:4      | Bought a +2 robe of fire resistance for 177 gold pieces
  5002 | D:4      | Noticed Blork the orc
  5027 | D:4      | Killed Blork the orc
  5027 | D:4      | Reached XP level 6. HP: 32/32 MP: 10/18
  5093 | D:4      | Reached skill level 8 in Spellcasting
  5321 | D:4      | Found an ornate altar of the Wu Jian Council.
  5323 | D:4      | Found a glowing silver altar of Zin.
  5329 | D:4      | Noticed Edmund
  5539 | D:4      | Noticed Grinder
  5611 | D:4      | Paralysed by Grinder for 2 turns
  5659 | D:4      | Paralysed by Grinder for 6 turns
  5665 | D:4      | Killed Grinder
  5665 | D:4      | Reached XP level 7. HP: 24/36 MP: 6/21
  5807 | D:4      | Killed Edmund
  5807 | D:4      | Reached skill level 9 in Spellcasting
  6200 | D:5      | Entered Level 5 of the Dungeon
  6632 | D:5      | Found an iron altar of Okawaru.
  6642 | D:5      | Found a staircase to the Ecumenical Temple.
  6651 | Temple   | Entered the Ecumenical Temple
  6715 | Temple   | Became a worshipper of Sif Muna the Loreminder
  6966 | D:5      | Noticed Eustachio
  6982 | D:5      | Killed Eustachio
  7249 | D:5      | Reached skill level 10 in Spellcasting
  8045 | D:6      | Reached XP level 8. HP: 38/41 MP: 6/24
  8273 | D:6      | Found an ancient bone altar of Kikubaaqudgha.
  8474 | D:6      | Noticed Pikel
  8649 | D:6      | Reached skill level 5 in Summonings
  8742 | D:6      | Noticed Sigmund
  8952 | D:6      | Reached * piety under Sif Muna
  8974 | D:6      | Killed Sigmund
  9709 | D:5      | Killed Pikel
  9709 | D:5      | Reached skill level 11 in Spellcasting
 11329 | D:6      | Reached skill level 12 in Spellcasting
 11867 | D:6      | Reached ** piety under Sif Muna
 11867 | D:6      | Reached XP level 9. HP: 45/45 MP: 10/27
 12324 | D:6      | Learned a level 3 spell: Inner Flame
 12870 | D:7      | Found a shattered altar of Ashenzari.
 13049 | D:7      | Noticed an unseen horror
 13079 | D:7      | Killed an unseen horror
 13079 | D:7      | Reached skill level 13 in Spellcasting
 13079 | D:7      | Reached skill level 5 in Conjurations
 13804 | D:8      | Noticed Joseph
 13967 | D:7      | Killed Joseph
 13967 | D:7      | Reached *** piety under Sif Muna
 14474 | D:8      | Noticed Gastronok
 14547 | D:8      | Killed Gastronok
 14547 | D:8      | Reached skill level 1 in Fighting
 14547 | D:8      | Reached skill level 1 in Staves
 14547 | D:8      | Reached skill level 14 in Spellcasting
 14547 | D:8      | Reached skill level 1 in Fire Magic
 14547 | D:8      | Reached XP level 10. HP: 33/53 MP: 21/30
 14994 | D:8      | Found a staircase to the Lair.
 15375 | D:8      | Noticed Grum
 15475 | D:8      | Killed Grum
 15868 | D:8      | Reached **** piety under Sif Muna
 15915 | D:8      | Noticed Harold
 15941 | D:8      | Killed Harold
 15941 | D:8      | Reached skill level 15 in Spellcasting
 17043 | D:9      | Noticed a two-headed ogre
 17064 | D:9      | Killed a two-headed ogre
 17064 | D:9      | Reached XP level 11. HP: 60/60 MP: 19/32
 17476 | D:10     | Entered Level 10 of the Dungeon
 17486 | D:10     | Learned a level 3 spell: Regeneration
 19034 | D:11     | Noticed a skeletal warrior
 19036 | D:11     | Noticed a skeletal warrior
 19046 | D:11     | Noticed a skeletal warrior
 19046 | D:11     | Noticed a skeletal warrior
 19869 | D:11     | Found a staircase to the Orcish Mines.
 20126 | D:11     | Reached skill level 5 in Dodging
 20802 | D:11     | Reached skill level 16 in Spellcasting
 22283 | D:10     | Killed a skeletal warrior
 22515 | D:12     | Noticed a purple ugly thing
 22571 | D:12     | Killed a purple ugly thing
 22613 | D:12     | You fall through a shaft!
 22691 | D:12     | Noticed Maurice
 22692 | D:12     | Slain by an acid dragon

Skill      XL: |  1  2  3  4  5  6  7  8  9 10 11 |
---------------+----------------------------------+-----
Spellcasting   | 5 6 7 8 10 12 14 15 16 | 16.2
Conjurations   | 2 3 4 5 6 7 |  7.8
Summonings     | 2 3 4 5 7 8 |  8.2
Stealth        | 3 |  3.7
Dodging        | 3 4 5 |  5.4
Fighting       | 1 3 |  3.7
Staves         | 1 3 4 |  4.1
Fire Magic     | 1 2 |  2.3
Translocations | |  1.4
Evocations     | |  0.3

Action                   |  1- 3 |  4- 6 |  7- 9 | 10-12 || total
-------------------------+-------+-------+-------+-------++-------
Melee: Unarmed           |       |     6 |       |       ||     6
       Flail             |       |       |    56 |       ||    56
       Quarterstaff      |       |       |       |     7 ||     7
 Cast: Magic Dart        |    74 |   144 |   290 |   749 ||  1257
       Call Imp          |       |    45 |   254 |   108 ||   407
       Conjure Flame     |       |     4 |    31 |   124 ||   159
       Blink             |       |     1 |    10 |    18 ||    29
       Inner Flame       |       |       |     1 |     7 ||     8
       Regeneration      |       |       |       |     2 ||     2
Invok: Divine Energy     |       |       |       |     1 ||     1
       Stop Divine Energ |       |       |       |     1 ||     1
Evoke: Wand              |       |       |     1 |     6 ||     7
  Use: Scroll            |     5 |     7 |       |     6 ||    18
       Potion            |       |       |     1 |     1 ||     2
  Eat: Chunk             |     2 |     3 |     1 |     4 ||    10
       Ration            |       |     3 |     8 |     6 ||    17
Armor: Robe              |     3 |    10 |    83 |    43 ||   139
Dodge: Dodged            |    17 |    37 |   142 |    76 ||   272
